 Dungeon Crawl Stone Soup version 0.25-a0-589-g1e14c549ee (webtiles) character file.

Game seed: 5990547886102253838, levelgen mode: deterministic

312 Lugonue the Magician (level 6, -1/48 HPs)
             Began as a Hill Orc Wizard on Mar 12, 2020.
             Was an Initiate of Vehumet.
             Slain by Duvessa
             ... wielding a +2 rapier of electrocution
              (4 damage)
             ... on level 4 of the Dungeon.
             The game lasted 00:11:16 (5134 turns).

Lugonue the Magician (Hill Orc Wizard)              Turns: 5134, Time: 00:11:20

Health: -1/48      AC:  6    Str: 15    XL:     6   Next: 42%
Magic:  3/11       EV: 12    Int: 18    God:    Vehumet [......]
Gold:   119        SH:  0    Dex:  9    Spells: 5/12 levels left

rFire    . . .     SeeInvis .   o - +0 hand axe
rCold    . . .     Gourm    .   (no shield)
rNeg     . . .     Faith    .   i - +0 leather armour
rPois    +         Spirit   .   b - +0 hat
rElec    +         Reflect  .   n - +2 cloak {rPois}
rCorr    .         Harm     .   (no gloves)
MR       .....                  (no boots)
Stlth    +.........             (no amulet)
HPRegen  0.16/turn              g - +3 ring of strength
MPRegen  0.12/turn              (no ring)

@: berserk cooldown, slowed, lightly drained, very slow
A: antennae 1, sense surroundings 1, electricity resistance, subdued magic 1
a: Renounce Religion


You were on level 4 of the Dungeon.
You worshipped Vehumet.
Vehumet was noncommittal.
You were not hungry.

You visited 1 branch of the dungeon, and saw 4 of its levels.

You collected 119 gold pieces.

Inventory:

Hand Weapons
 e - a +0 club
 o - a +0 hand axe (weapon)
Missiles
 m - 3 boomerangs (quivered)
Armour
 b - a +0 hat (worn)
 i - a +0 leather armour (worn)
 l - a +0 cloak
 n - a +2 cloak of poison resistance (worn)
Magical Staves
 t - an uncursed staff of fire
Jewellery
 g - a +3 ring of strength (left hand)
 r - an uncursed ring of magical power {unknown}
Scrolls
 c - 2 scrolls of teleportation
 h - 2 scrolls of remove curse
 j - a scroll of identify
 k - a scroll of immolation {unknown}
Potions
 a - 2 potions of mutation
 s - a potion of brilliance {unknown}
Comestibles
 d - 6 rations
 f - 4 chunks of flesh


   Skills:
 + Level 1.7(1.6) Fighting
   Level 0.2(0.1) Short Blades
 * Level 3.3(3.2) Axes
 - Level 0.1(1.5) Maces & Flails
 + Level 1.2(1.0) Throwing
 + Level 1.9(1.8) Armour
 + Level 2.4(2.3) Dodging
 + Level 1.7(1.6) Stealth
 + Level 0.3(0.1) Unarmed Combat
 + Level 3.5(3.4) Spellcasting
 + Level 1.1(1.0) Conjurations
 + Level 1.5(1.4) Summonings
 + Level 0.7(0.6) Translocations


You had 5 spell levels left.
You knew the following spells:

 Your Spells              Type           Power        Failure   Level  Hunger
a - Magic Dart            Conj           #...         11%         1    None
b - Blink                 Tloc           N/A          19%         2    ##.....
c - Call Imp              Summ           #.......     13%         2    ##.....
d - Slow                  Hex            #.......     24%         2    ##.....

Your spell library contained the following spells:

 Spells                   Type           Power        Failure   Level  Hunger
 Conjure Flame            Conj/Fire      #.......     38%         3    ###....
 Mephitic Cloud           Conj/Pois/Air  #.......     41%         3    ###....


Dungeon Overview and Level Annotations

Branches:
Dungeon (4/15)
 Temple: D:4-7

Altars:
Elyvilon
Kikubaaqudgha
Makhleb
Ru
Vehumet
The Shining One

Annotations:
D:4 Duvessa


Innate Abilities, Weirdness & Mutations

You have a pair of small antennae on your head.
You passively map a small area around you.
You are resistant to electric shocks. (rElec)
Your spells are a little easier to cast, but a little less powerful.


Message History

Duvessa hits you but does no damage.
You barely miss Duvessa.
Duvessa is severely wounded.
Duvessa hits you with a +2 rapier of electrocution.
* * * LOW HITPOINT WARNING * * *
You hit Duvessa.
Duvessa is severely wounded.
Duvessa hits you with a +2 rapier of electrocution!
* * * LOW HITPOINT WARNING * * *
You closely miss Duvessa.
Duvessa is severely wounded.
Duvessa barely misses you.
You are too berserk!
You hit Duvessa.
Duvessa is severely wounded.
You are no longer berserk.
You are exhausted.
You feel yourself slow down.
Duvessa hits you with a +2 rapier of electrocution.
You die...

........# #....# ..(.....
##.#.# ......., #...# ..§(..
##..## ..e.., #########
#...# ,...,,
#.......####..##### #5#* *
#........(.÷.>...... #.#
#.............###### * #O#
#......@......# #.#
#.....e.......#
#.#######..)..........####*
#.......).................,,
#########.......########## *
######### * * *


You could see Duvessa (berserk).

Vanquished Creatures
  Dowan (D:4)
  A hound (D:4)
  A bullfrog skeleton (D:4)
  A worker ant (D:4)
  A gnoll (D:2)
  2 oozes
  2 worms
  2 dart slugs
  2 orcs (D:3)
  4 giant cockroaches
  4 goblins
  4 hobgoblins
  9 jackals
  4 kobolds
  A quokka (D:2)
  A ball python (D:3)
  4 bats
  5 frilled lizards
  A leopard gecko skeleton (D:4)
  17 rats
  A rat zombie (D:2)
68 creatures vanquished.

Vanquished Creatures (collateral kills)
  An ogre (D:4)
  A hound (D:4)
  3 gnolls (D:2)
  3 adders
  A worm (D:3)
  A dart slug (D:2)
  A bat (D:2)
  5 jackals
16 creatures vanquished.

Grand Total: 84 creatures vanquished

Notes
Turn   | Place    | Note
-------+----------+-------------------------------------------
     0 | D:1      | Lugonue the Hill Orc Wizard began the quest for the Orb.
     0 | D:1      | Reached XP level 1. HP: 14/14 MP: 3/3
   408 | D:1      | Reached XP level 2. HP: 19/20 MP: 0/5
  1073 | D:1      | Learned a level 2 spell: Blink
  1497 | D:1      | Reached XP level 3. HP: 26/26 MP: 3/7
  2615 | D:2      | Learned a level 2 spell: Call Imp
  3117 | D:2      | Found a sacrificial altar of Ru.
  3141 | D:2      | Reached skill level 1 in Armour
  3141 | D:2      | Reached XP level 4. HP: 30/33 MP: 1/8
  3206 | D:2      | Gained mutation: You are resistant to electric shocks.
                  | (rElec) [potion of mutation]
  3206 | D:2      | Gained mutation: Your spells are a little easier to cast,
                  | but a little less powerful. [potion of mutation]
  3206 | D:2      | Gained mutation: You have a pair of small antennae on your
                  | head. [potion of mutation]
  3206 | D:2      | Gained mutation: You passively map a small area around you.
                  | [potion of mutation]
  3591 | D:2      | Found an ancient bone altar of Kikubaaqudgha.
  3836 | D:3      | Found a glowing golden altar of the Shining One.
  4409 | D:3      | Reached skill level 1 in Axes
  4409 | D:3      | Reached XP level 5. HP: 20/39 MP: 5/9
  4524 | D:3      | Found a white marble altar of Elyvilon.
  4533 | D:3      | Found a radiant altar of Vehumet.
  4536 | D:3      | Found a burning altar of Makhleb.
  4546 | D:3      | Became a worshipper of Vehumet
  4736 | D:4      | Reached skill level 1 in Throwing
  4927 | D:4      | Learned a level 2 spell: Slow
  4945 | D:4      | Reached skill level 1 in Fighting
  5075 | D:4      | Noticed Dowan
  5075 | D:4      | Noticed an ogre
  5094 | D:4      | Reached XP level 6. HP: 40/48 MP: 0/10
  5111 | D:4      | Noticed Duvessa
  5116 | D:4      | Killed Dowan
  5134 | D:4      | Slain by Duvessa

Levels and vault maps discovered:
D:1:      erik_arrival_orb_chamber, layout_basic, corner_web_ring
D:2:      layout_rooms, lemuel_zombie_altar_kikubaaqudgha,
          nicolae_ru_the_path_less_chosen
D:3:      cheibrodos_helix_gallery, layout_loops_ring,
          grunt_temple_overflow_open
D:4:      minmay_chambers_of_twos, layout_basic, first_ration, uniq_duvessa,
          uniq_eustachio, uniq_blork_the_orc

Skill      XL: |  1  2  3  4  5  6 |
---------------+-------------------+-----
Spellcasting   | 3 |  3.5
Armour         | 1 |  1.9
Axes           | 1 2 3 |  3.3
Dodging        | 2 |  2.4
Throwing       | 1 |  1.2
Fighting       | 1 |  1.7
Short Blades   | |  0.2
Maces & Flails | |  0.1
Stealth        | |  1.7
Unarmed Combat | |  0.3
Conjurations   | |  1.1
Summonings     | |  1.5
Translocations | |  0.7

Action                   |  1- 3 |  4- 6 || total
-------------------------+-------+-------++-------
Melee: Unarmed           |    47 |       ||    47
       Club              |    67 |    18 ||    85
       Hand axe          |       |   124 ||   124
       Short sword       |       |    20 ||    20
Throw: Boomerang         |       |     8 ||     8
 Cast: Magic Dart        |    65 |    10 ||    75
       Call Imp          |     5 |    21 ||    26
       Slow              |       |     4 ||     4
       Blink             |       |     1 ||     1
  Use: Scroll            |     4 |       ||     4
       Potion            |       |     5 ||     5
 Stab: Sleeping          |     1 |       ||     1
  Eat: Chunk             |     3 |     5 ||     8
       Ration            |     1 |     1 ||     2
Armor: Robe              |    12 |       ||    12
       Leather armour    |    18 |    71 ||    89
Dodge: Dodged            |    97 |   139 ||   236

Table legend:
 A = Non-vault XP
 B = Vault XP
 C = Vault XP percentage of total XP
 D = Non-vault monster count
 E = Vault monster count
 F = Vault count percentage of total count
                 A         B        C        D         E       F
            +---------+---------+-------+---------+---------+-------
      Total |     387 |      60 |  13.4 |      68 |      16 |  19.0
            +---------+---------+-------+---------+---------+-------
        D:1 |      33 |      12 |  26.7 |      13 |      12 |  48.0
        D:2 |      85 |       1 |   1.2 |      26 |       1 |   3.7
        D:3 |      46 |       4 |   8.0 |      18 |       2 |  10.0
        D:4 |     223 |      43 |  16.2 |      11 |       1 |   8.3
            +---------+---------+-------+---------+---------+-------
